 Dungeon Crawl Stone Soup version 0.26-a0-812-g31a745ddcd (webtiles) character file.

Game seed: 15091242078161669146

197 Edwards80 the Cudgeller (level 5, -1/47 HPs)
             Began as a Minotaur Monk on Aug 27, 2020.
             Was a Believer of Qazlal.
             Killed from afar by an orc wizard (2 damage)
             ... with a magic dart
             ... on level 3 of the Dungeon on Nov 17, 2020.
             The game lasted 00:10:09 (2773 turns).

Edwards80 the Cudgeller (Minotaur Monk)             Turns: 2773, Time: 00:10:10

Health: -1/47      AC:  6    Str: 17    XL:     5   Next: 46%
Magic:  4/4        EV: 11    Int:  7    God:    Qazlal [**....]
Gold:   132        SH:  3    Dex: 12    Spells: 4/4 levels left

rFire    + . .     SeeInvis .   a - +1 mace (vorpal)
rCold    . . .     Faith    .   (no shield)
rNeg     . . .     Spirit   .   i - +0 scale mail
rPois    .         Reflect  .   (helmet restricted)
rElec    .         Harm     .   (no cloak)
rCorr    .         Rampage  .   (no gloves)
MR       .....                  (no boots)
Stlth    ..........             (no amulet)
HPRegen  0.15/turn              f - ring of protection from fire
MPRegen  0.09/turn              (no ring)

@: no status effects
A: retaliatory headbutt, horns 2
a: Upheaval, Renounce Religion


You were on level 3 of the Dungeon.
You worshipped Qazlal.
Qazlal was pleased with you.
You visited 1 branch of the dungeon, and saw 4 of its levels.

You collected 132 gold pieces.

Inventory:

Hand Weapons
 a - a +1 vorpal mace (weapon)
Armour
 i - a +0 scale mail (worn)
Jewellery
 f - a ring of protection from fire (left hand)
Scrolls
 b - 3 scrolls of fog {unknown}
 c - 3 scrolls of amnesia
 d - 2 scrolls of magic mapping {unknown}
 e - 5 scrolls of teleportation
 h - 3 scrolls of identify
 j - a scroll of remove curse {unknown}
 n - a scroll of enchant armour {unknown}
 p - a scroll of noise {unknown}
Potions
 g - 2 potions of resistance
 k - a potion of curing {unknown}
 l - a potion of brilliance {unknown}
 m - a potion of flight {unknown}
 o - 2 potions of heal wounds {unknown}


   Skills:
 + Level 4.8 Fighting
 + Level 5.4 Maces & Flails
 + Level 2.0 Armour
 + Level 4.1 Dodging
 + Level 2.0 Stealth


You had 4 spell levels left.
You didn't know any spells.
Your spell library was empty.

Dungeon Overview and Level Annotations

Branches:
Dungeon (4/15)
 Temple: D:4-7

Altars:
Gozag
Qazlal


Innate Abilities, Weirdness & Mutations

You reflexively headbutt those who attack you in melee.
You have a pair of horns on your head.


Message History

The orc wizard gestures at you while chanting.
The magic dart hits you!
The orc wizard gestures at you while chanting.
The magic dart hits you.
You are too injured to fight recklessly!
You are too injured to fight recklessly!
You closely miss the orc wizard. You headbutt the orc wizard.
The orc wizard is moderately wounded.
The orc wizard hits you with a +1 dagger of electrocution.
You closely miss the orc wizard. Your headbutt misses the orc wizard.
The orc wizard is moderately wounded.
The orc wizard closely misses you.
The orc wizard hits you but does no damage.
You are electrocuted!!
* * * LOW HITPOINT WARNING * * *
You hit the orc wizard.
The orc wizard is heavily wounded.
The orc wizard points at you and mumbles some strange words.
The magic dart hits you.
You die...

..#.# #...# #.##.##.######
..#.######...##### #)......##....
....##...........###.##.##.##....
..).................)##.#.......<
#.####........).[##..#..#..##....
..# ###.#.....⌠..##.#.##..##....
### #.#.........#.#......##### #
#.#[..⌠.§...#....###.### #
#.#......@o.#....# #...# #
#.##..⌠..†..###..###.#.#
#...........###......#.###
#########.#..⌠..###...##.......
###.........##...## #.#....##.###
#......##############...#####.#
#....#.# #......##.......#
#.###..########.####.##########
#.# #.........#>####.#####


You could see an orc wizard (fast).

Vanquished Creatures
  An orc priest (D:3)
  An orc wizard (D:3)
  Jessica (D:2)
  A worker ant (D:3)
  2 adders (D:2)
  An ooze (D:1)
  A dart slug (D:1)
  A leopard gecko (D:2)
  5 orcs (D:3)
  4 giant cockroaches
  6 goblins
  5 hobgoblins
  2 jackals (D:3)
  A quokka (D:3)
  9 bats
  6 frilled lizards
  10 kobolds
  8 rats
65 creatures vanquished.

Notes
Turn   | Place    | Note
-------+----------+-------------------------------------------
     0 | D:1      | Edwards80 the Minotaur Monk began the quest for the Orb.
     0 | D:1      | Reached XP level 1. HP: 19/19 MP: 0/0
     0 | D:1      | Upgraded the game from 0.26-a0-597-gb535b0901c to
                  | 0.26-a0-651-gb41185065b
   182 | D:1      | Reached XP level 2. HP: 20/27 MP: 1/1
   591 | D:1      | Reached skill level 4 in Maces & Flails
   894 | D:1      | Upgraded the game from 0.26-a0-651-gb41185065b to
                  | 0.26-a0-812-g31a745ddcd
   945 | D:2      | Reached XP level 3. HP: 31/33 MP: 2/2
  1229 | D:2      | Noticed Jessica
  1237 | D:2      | Killed Jessica
  1237 | D:2      | Reached XP level 4. HP: 41/41 MP: 3/3
  1336 | D:2      | Found a stormy altar of Qazlal.
  1353 | D:2      | Became a worshipper of Qazlal Stormbringer
  1353 | D:2      | Reached * piety under Qazlal
  1353 | D:2      | Reached ** piety under Qazlal
  1876 | D:3      | Reached skill level 1 in Armour
  1906 | D:3      | Found an opulent altar of Gozag.
  2057 | D:3      | Reached skill level 5 in Maces & Flails
  2101 | D:3      | Reached XP level 5. HP: 39/47 MP: 4/4
  2764 | D:4      | Noticed an ogre
  2772 | D:3      | HP: 1/47 [orc wizard/+1 dagger of electrocution (18)]
  2773 | D:3      | Killed from afar by an orc wizard

Illustrated notes

Levels and vault maps discovered:
D:1:      dpeg_arrival_more_subterranean_lakeside_camping, layout_basic
D:2:      layout_basic, grunt_qazlal_clouds, uniq_jessica
D:3:      layout_loops_cross, chequers_jeans, grunt_ministairs_9,
          grunt_gozag_breadcrumbs
D:4:      layout_rooms, trog_eyes_of_draining

Skill      XL: |  1  2  3  4  5 |
---------------+----------------+-----
Fighting       | 4 |  4.8
Maces & Flails | 4 5 |  5.4
Dodging        | 4 |  4.1
Armour         | 1 2 |  2.0
Stealth        | 2 |  2.0

Action                   |  1- 3 |  4- 6 || total
-------------------------+-------+-------++-------
Melee: Mace              |    61 |    80 ||   141
       Headbutt          |     8 |     7 ||    15
  Use: Scroll            |     3 |       ||     3
 Stab: Sleeping          |     1 |       ||     1
Armor: Robe              |     5 |       ||     5
       Scale mail        |    31 |    18 ||    49
Dodge: Dodged            |    63 |    36 ||    99
Block: Other             |       |     9 ||     9

Table legend: (Time is in decaauts)
 A = Elapsed time spent in this place.
 B = Non-inter-level travel time spent in this place.
 C = Inter-level travel time spent in this place.
 D = Time resting spent in this place.
 E = Time spent auto-exploring this place.
 F = Levels seen in this place.
 G = Mean time per level.
                   A        B        C        D        E       F      G
               +--------+--------+--------+--------+--------+-----+--------+
         Total |   2796 |   2697 |     99 |      0 |   2097 |   4 |  699.0 |
       Dungeon |   2796 |   2697 |     99 |      0 |   2097 |   4 |  699.0 |
               +--------+--------+--------+--------+--------+-----+--------+

Top non-repeatable levels by time:
     D:2: 955 daAuts
     D:1: 929 daAuts
     D:3: 904 daAuts
     D:4: 7 daAuts
